EL
TULSA DRILLERS @ BILOXI SHUCKERS
08/20/2044
 
TOP OF THE 1ST
Tulsa Drillers batting - Pitching for Biloxi Shuckers : RHP Travis Southern
Pitching: RHP Travis Southern
Batting: RHB Steve Haskins 0-0: Called Strike
0-1: Foul Ball, location: 2F
0-2: Ball
1-2: Ground out U3 (Groundball, 3, EV 86.9 MPH)
Batting: RHB Jesse White 0-0: Foul Ball, location: 2F
0-1: Ball
1-1: Ground out 6-3 (Groundball, 6, EV 83.8 MPH)
Batting: LHB Nick McGraw 0-0: Ball
1-0: Ball
2-0: Fly out, F9 (Flyball, 89S, EV 93.1 MPH)
Top of the 1st over - 0 runs, 0 hits, 0 errors, 0 left on base; Tulsa 0 - Biloxi 0
BOTTOM OF THE 1ST
Biloxi Shuckers batting - Pitching for Tulsa Drillers : RHP Eddie Usrey
Pitching: RHP Eddie Usrey
Batting: RHB Akitada Nishizawa 0-0: Ball
1-0: Ball
2-0: Foul Ball, location: 2F
2-1: Ball
3-1: Foul Ball, location: 2F
3-2: Foul Ball, location: 2F
3-2: Reached on error, E5 (Groundball, 56, EV 90.0 MPH)
Batting: LHB Mike Staley 0-0: Ball
1-0: Ball
2-0: Called Strike
2-1: Fly out, F8 (Flyball, 89M, EV 95.6 MPH)
Batting: SHB Jamel Wright 0-0: Ball
1-0: Foul Ball, location: 2F
1-1: Ball
2-1: Foul Ball, location: 2F
2-2: Hit by Pitch
Batting: RHB Eddie McCoy 0-0: Called Strike
0-1: Called Strike
0-2: Ball
1-2: Ball
2-2: Foul Ball, location: 2F
2-2: Ball
3-2: Grounds into double play, 6-4-3 (Groundball, 6, EV 79.4 MPH)
Bottom of the 1st over - 0 runs, 0 hits, 1 error, 1 left on base; Tulsa 0 - Biloxi 0
TOP OF THE 2ND
Tulsa Drillers batting - Pitching for Biloxi Shuckers : RHP Travis Southern
Batting: RHB Blake Beale 0-0: Called Strike
0-1: Ball
1-1: SINGLE (Line Drive, 6MD, EV 97.5 MPH)
Batting: SHB Xavier Alaniz 0-0: Called Strike
0-1: Ball
1-1: Ball
2-1: Ball
Wild Pitch!
Blake Beale to second
3-1: Foul Ball, location: 2F
3-2: Ground out 6-3 (Groundball, 6M, EV 78.8 MPH)
Blake Beale to third
Batting: RHB Roger Simmons 0-0: Foul Ball, location: 2F
0-1: Swinging Strike
0-2: Ball
1-2: Foul Ball, location: 2F
1-2: Ball
2-2: Ground out 5-3 (Groundball, 56S, EV 87.5 MPH)
Blake Beale scores
Batting: LHB David McNair 0-0: Swinging Strike
0-1: Ball
1-1: Ball
2-1: Foul Ball, location: 2F
2-2: Ball
3-2: Strikes out swinging
Top of the 2nd over - 1 run, 1 hit, 0 errors, 0 left on base; Tulsa 1 - Biloxi 0
BOTTOM OF THE 2ND
Biloxi Shuckers batting - Pitching for Tulsa Drillers : RHP Eddie Usrey
Batting: RHB Tim Lively 0-0: Ball
1-0: Called Strike
1-1: Ball
2-1: Ball
3-1: Foul Ball, location: 2F
3-2: Strikes out swinging
Batting: RHB Mike Ball 0-0: Ground out 6-3 (Groundball, 6, EV 105.6 MPH)
Batting: RHB Nick Garland 0-0: Called Strike
0-1: Ball
1-1: Ground out 6-3 (Groundball, 6MS, EV 86.3 MPH)
Bottom of the 2nd over - 0 runs, 0 hits, 0 errors, 0 left on base; Tulsa 1 - Biloxi 0
TOP OF THE 3RD
Tulsa Drillers batting - Pitching for Biloxi Shuckers : RHP Travis Southern
Batting: LHB Miguel Medina 0-0: Ball
1-0: Foul Ball, location: 2F
1-1: Ball
2-1: Ground out 4-3 (Groundball, 34, EV 106.9 MPH)
Batting: RHB Dave Archibeque 0-0: Called Strike
0-1: Foul Ball, location: 2F
0-2: Ball
1-2: Foul Ball, location: 2F
1-2: Ball
2-2: SINGLE (Groundball, 34, EV 105.6 MPH)
Batting: RHB Steve Haskins 0-0: Called Strike
0-1: Fielders Choice at 2nd, 4-6 (Groundball, 4, EV 88.8 MPH)
Batting: RHB Jesse White 0-0: Called Strike
0-1: Fly out, F9 (Flyball, 9D, EV 91.9 MPH)
Top of the 3rd over - 0 runs, 1 hit, 0 errors, 1 left on base; Tulsa 1 - Biloxi 0
BOTTOM OF THE 3RD
Biloxi Shuckers batting - Pitching for Tulsa Drillers : RHP Eddie Usrey
Batting: RHB Nick Spiller 0-0: Called Strike
0-1: Called Strike
0-2: Strikes out swinging
Batting: RHB Joe Hinson 0-0: Ball
1-0: Foul Ball, location: 2F
1-1: Ground out 6-3 (Groundball, P, EV 87.5 MPH)
Batting: RHB Akitada Nishizawa 0-0: Called Strike
0-1: Fly out, F3 (Popup, 3S, EV 66.9 MPH)
Bottom of the 3rd over - 0 runs, 0 hits, 0 errors, 0 left on base; Tulsa 1 - Biloxi 0
TOP OF THE 4TH
Tulsa Drillers batting - Pitching for Biloxi Shuckers : RHP Travis Southern
Batting: LHB Nick McGraw 0-0: SINGLE (Groundball, 4MD, EV 101.3 MPH)
Batting: RHB Blake Beale 0-0: Called Strike
0-1: Fly out, F8 (Line Drive, 8LD, EV 106.9 MPH)
Batting: SHB Xavier Alaniz 0-0: Fly out, F8 (Flyball, 78D, EV 110.6 MPH)
Batting: RHB Roger Simmons 0-0: SINGLE (Flyball, 4D, EV 83.8 MPH)
Nick McGraw to second
Runner from 2nd tries for 3rd, SAFE, throw by RF made to third
Batting: LHB David McNair 0-0: Called Strike
0-1: Swinging Strike
0-2: Ball
1-2: Strikes out swinging
Top of the 4th over - 0 runs, 2 hits, 0 errors, 2 left on base; Tulsa 1 - Biloxi 0
BOTTOM OF THE 4TH
Biloxi Shuckers batting - Pitching for Tulsa Drillers : RHP Eddie Usrey
Batting: LHB Mike Staley 0-0: Called Strike
0-1: Ball
1-1: Swinging Strike
1-2: SINGLE (Groundball, 34D, EV 111.9 MPH)
Batting: SHB Jamel Wright 0-0: Fly out, F9 (Flyball, 9LM, EV 99.4 MPH)
Batting: RHB Eddie McCoy 0-0: Called Strike
Mike Staley is caught stealing 2nd base 2-4
0-1: Ball
1-1: Foul Ball, location: 2F
1-2: Ball
2-2: Foul Ball, location: 2F
2-2: SINGLE (Groundball, 56D, EV 97.5 MPH)
Batting: RHB Tim Lively 0-0: Ball
1-0: Ball
2-0: SINGLE (Flyball, 4D, EV 90.0 MPH)
Eddie McCoy to second
Runner from 2nd tries for 3rd, OUT! 9-5
Bottom of the 4th over - 0 runs, 3 hits, 0 errors, 1 left on base; Tulsa 1 - Biloxi 0
TOP OF THE 5TH
Tulsa Drillers batting - Pitching for Biloxi Shuckers : RHP Travis Southern
Batting: LHB Miguel Medina 0-0: Foul Ball, location: 2F
0-1: Ball
1-1: Called Strike
1-2: Strikes out swinging
Batting: RHB Dave Archibeque 0-0: Ball
1-0: Swinging Strike
1-1: Ball
2-1: Called Strike
2-2: Strikes out swinging
Batting: RHB Steve Haskins 0-0: Foul Ball, location: 2F
0-1: Foul Ball, location: 2F
0-2: Ball
1-2: Ball
2-2: Foul Ball, location: 2F
2-2: Strikes out swinging
Top of the 5th over - 0 runs, 0 hits, 0 errors, 0 left on base; Tulsa 1 - Biloxi 0
BOTTOM OF THE 5TH
Biloxi Shuckers batting - Pitching for Tulsa Drillers : RHP Eddie Usrey
Batting: RHB Mike Ball 0-0: DOUBLE (Groundball, 3L, EV 96.3 MPH)
Batting: RHB Nick Garland 0-0: SINGLE (Groundball, 34D, EV 103.8 MPH)
Mike Ball to third
Batting: RHB Nick Spiller 0-0: Called Strike
0-1: Ball
1-1: Foul Ball, location: 2F
1-2: Foul Ball, location: 2F
1-2: Strikes out swinging
Batting: RHB Joe Hinson 0-0: Swinging Strike
0-1: Foul Ball, location: 2F
0-2: Strikes out swinging
Batting: RHB Akitada Nishizawa 0-0: Ball
1-0: Ball
2-0: Ball
3-0: Called Strike
3-1: Base on Balls
Nick Garland to second
Batting: LHB Mike Staley 0-0: Ball
1-0: Ball
2-0: TRIPLE (Line Drive, 8RXD, EV 100.0 MPH)
Mike Ball scores
Nick Garland scores
Akitada Nishizawa scores
Batting: SHB Jamel Wright 0-0: Called Strike
0-1: Foul Ball, location: 2F
0-2: Ball
1-2: Ball
2-2: SINGLE (Line Drive, 6MD, EV 95.6 MPH)
Mike Staley scores
Batting: RHB Eddie McCoy 0-0: Ball
1-0: Ball
2-0: Ball
3-0: Base on Balls
Jamel Wright to second
Batting: RHB Tim Lively 0-0: 3-RUN HOME RUN (Flyball, 78XD, EV 103.8 MPH), Distance : 412 ft
Pitching: LHP Antonio Villarreal
Batting: RHB Mike Ball 0-0: Ball
1-0: Ball
2-0: Ground out U3 (Groundball, 34, EV 107.5 MPH)
Bottom of the 5th over - 7 runs, 5 hits, 0 errors, 0 left on base; Tulsa 1 - Biloxi 7
TOP OF THE 6TH
Tulsa Drillers batting - Pitching for Biloxi Shuckers : RHP Travis Southern
Batting: RHB Jesse White 0-0: Ball
1-0: SINGLE (Groundball, 34S, EV 98.1 MPH)
Batting: LHB Nick McGraw 0-0: Called Strike
0-1: Ball
1-1: Ball
2-1: Called Strike
2-2: Ball
3-2: Strikes out swinging
Batting: RHB Blake Beale 0-0: Fly out, F4 (Popup, 4M, EV 68.8 MPH)
Batting: SHB Xavier Alaniz 0-0: Called Strike
0-1: Ball
1-1: Called Strike
1-2: DOUBLE (Flyball, 78XD, EV 91.3 MPH)
Jesse White to third
Batting: RHB Roger Simmons 0-0: SINGLE (Groundball, 6MD, EV 94.4 MPH)
Jesse White scores
Xavier Alaniz to third
Runner from 3rd tries for Home, SAFE, throw by CF to home
Batting: LHB David McNair 0-0: Ball
1-0: Foul Ball, location: 2F
1-1: Ball
2-1: Ball
3-1: Base on Balls
Roger Simmons to second
Batting: LHB Miguel Medina 0-0: Foul Ball, location: 2F
0-1: Foul Ball, location: 2F
0-2: Foul Ball, location: 2F
0-2: Ball
1-2: Ball
2-2: Strikes out swinging
Top of the 6th over - 2 runs, 3 hits, 0 errors, 2 left on base; Tulsa 3 - Biloxi 7
BOTTOM OF THE 6TH
Biloxi Shuckers batting - Pitching for Tulsa Drillers : LHP Antonio Villarreal
Batting: RHB Nick Garland 0-0: Ball
1-0: Foul Ball, location: 2F
1-1: Ball
2-1: DOUBLE (Line Drive, 9LM, EV 105.6 MPH)
Batting: RHB Nick Spiller 0-0: Swinging Strike
0-1: Swinging Strike
0-2: Ball
1-2: Ball
2-2: Foul Ball, location: 2F
2-2: Fly out, F8 (Flyball, 8LD, EV 90.6 MPH)
Runner from 2nd tags up, SAFE at 3rd with throw by CF
Batting: RHB Joe Hinson 0-0: Ball
1-0: 2-RUN HOME RUN (Flyball, 7LD, EV 98.1 MPH), Distance : 352 ft
Batting: RHB Akitada Nishizawa 0-0: Called Strike
0-1: Ball
1-1: Ball
2-1: SINGLE (Line Drive, 78S, EV 110.0 MPH)
Batting: LHB Mike Staley 0-0: Called Strike
Akitada Nishizawa steals 2nd base
0-1: Called Strike
0-2: Reached on error, E5 (Groundball, 5, EV 108.8 MPH)
Akitada Nishizawa to third
Batting: SHB Jamel Wright Pickoff Throw to First - Error! E1
Akitada Nishizawa scores
Mike Staley to second
0-0: Ball
1-0: Swinging Strike
1-1: Ball
2-1: Foul Ball, location: 2F
2-2: Fly out, F9 (Flyball, 89M, EV 83.1 MPH)
Batting: RHB Eddie McCoy 0-0: Called Strike
0-1: SINGLE (Groundball, 6MD, EV 95.6 MPH)
Mike Staley to third
Batting: RHB Tim Lively 0-0: Called Strike
0-1: Fly out, F9 (Flyball, 9LD, EV 102.5 MPH)
Bottom of the 6th over - 3 runs, 4 hits, 2 errors, 2 left on base; Tulsa 3 - Biloxi 10
TOP OF THE 7TH
Tulsa Drillers batting - Pitching for Biloxi Shuckers : RHP Travis Southern
Batting: RHB Dave Archibeque 0-0: SINGLE (Groundball, 56, EV 104.4 MPH) (infield hit)
Pitching: RHP Chris Burton
Pinch Runner at 1st Billy Valadez:
Batting: RHB Steve Haskins 0-0: Ball
1-0: Ball
2-0: Ball
3-0: Called Strike
3-1: Ground out 5-3 (Groundball, 5L, EV 105.0 MPH)
Billy Valadez to second
Pinch Hitting: LHB Kevin Wiebe 0-0: Ball
1-0: Ball
2-0: Swinging Strike
2-1: Called Strike
2-2: Ball
3-2: Base on Balls
Batting: LHB Nick McGraw 0-0: Ball
1-0: SINGLE (Groundball, 3D, EV 100.6 MPH)
Billy Valadez to third
Kevin Wiebe to second
Runner from 3rd tries for Home, SAFE, throw by RF to home
Batting: RHB Blake Beale 0-0: Called Strike
0-1: Ball
1-1: Swinging Strike
1-2: Fielders Choice at 2nd, 6-4 (Groundball, 6, EV 89.4 MPH)
Kevin Wiebe to third
Pitching: RHP Jason Miles
Batting: SHB Xavier Alaniz 0-0: Ball
1-0: Foul Ball, location: 2F
1-1: Foul Ball, location: 2F
1-2: Ground out U3 (Groundball, 3L, EV 89.4 MPH)
Top of the 7th over - 1 run, 2 hits, 0 errors, 2 left on base; Tulsa 4 - Biloxi 10
BOTTOM OF THE 7TH
Biloxi Shuckers batting - Pitching for Tulsa Drillers : LHP Antonio Villarreal
Pitching: RHP Steve Mintz
Now at C: Billy Valadez
Now at 1B: Kevin Wiebe
Batting: RHB Mike Ball 0-0: Swinging Strike
0-1: Ball
1-1: Ball
2-1: DOUBLE (Line Drive, 7LS, EV 107.5 MPH)
Batting: RHB Nick Garland 0-0: SINGLE (Line Drive, 3D, EV 104.4 MPH)
Mike Ball to third
Runner from 3rd tries for Home, SAFE, throw by RF to home
Batting: RHB Nick Spiller 0-0: Called Strike
0-1: Ball
1-1: Fly out, F9 (Flyball, 9, EV 95.6 MPH)
Batting: RHB Joe Hinson 0-0: Ball
1-0: Foul Ball, location: 2F
1-1: Ball
Passed Ball!
Nick Garland to second
2-1: SINGLE (Groundball, 34D, EV 108.1 MPH)
Nick Garland to third
Batting: RHB Akitada Nishizawa 0-0: Ball
1-0: Foul Ball, location: 2F
1-1: Ball
2-1: Foul Ball, location: 2F
2-2: Ball
3-2: Strikes out looking
Batting: LHB Mike Staley 0-0: Ball
1-0: Ball
Wild Pitch!
Nick Garland scores
Joe Hinson to second
2-0: Called Strike
2-1: Ball
3-1: Called Strike
3-2: Foul Ball, location: 2F
3-2: Ground out 6-3 (Groundball, 4M, EV 100.0 MPH)
Bottom of the 7th over - 2 runs, 3 hits, 0 errors, 1 left on base; Tulsa 4 - Biloxi 12
TOP OF THE 8TH
Tulsa Drillers batting - Pitching for Biloxi Shuckers : RHP Jason Miles
Batting: RHB Roger Simmons 0-0: Ball
1-0: Ball
2-0: Ground out 1-3 (Groundball, 34S, EV 70.0 MPH)
Batting: LHB David McNair 0-0: Called Strike
0-1: Swinging Strike
0-2: Foul Ball, location: 2F
0-2: Fly out, F5 (Popup, 56, EV 55.6 MPH)
Batting: LHB Miguel Medina 0-0: Ball
1-0: Ball
2-0: Swinging Strike
2-1: Swinging Strike
2-2: Foul Ball, location: 2F
2-2: Ball
3-2: Strikes out swinging
Top of the 8th over - 0 runs, 0 hits, 0 errors, 0 left on base; Tulsa 4 - Biloxi 12
BOTTOM OF THE 8TH
Biloxi Shuckers batting - Pitching for Tulsa Drillers : RHP Steve Mintz
Batting: SHB Jamel Wright 0-0: Foul Ball, location: 2F
0-1: SINGLE (Line Drive, 7S, EV 103.8 MPH)
Pitching: RHP Luis Lorez
Batting: RHB Eddie McCoy 0-0: Called Strike
0-1: Ball
1-1: Ball
2-1: Foul Ball, location: 2F
2-2: Foul Ball, location: 2F
2-2: 2-RUN HOME RUN (Flyball, 7LD, EV 93.1 MPH), Distance : 346 ft
Batting: RHB Tim Lively 0-0: Foul Ball, location: 2F
0-1: Fly out, F8 (Flyball, 8RD, EV 100.6 MPH)
Pinch Hitting: RHB Eric Sullivan 0-0: Ball
1-0: Called Strike
1-1: Fly out, F8 (Line Drive, 8RD, EV 85.0 MPH)
Batting: RHB Nick Garland 0-0: Ball
1-0: Ground out 4-3 (Groundball, 34, EV 80.0 MPH)
Bottom of the 8th over - 2 runs, 2 hits, 0 errors, 0 left on base; Tulsa 4 - Biloxi 14
TOP OF THE 9TH
Tulsa Drillers batting - Pitching for Biloxi Shuckers : RHP Jason Miles
Now at 2B: Eric Sullivan
Batting: RHB Billy Valadez 0-0: Called Strike
0-1: Ball
1-1: Ball
2-1: Ball
3-1: Swinging Strike
3-2: Ground out 1-3 (Groundball, 13S, EV 66.9 MPH)
Batting: RHB Steve Haskins 0-0: Foul Ball, location: 2F
0-1: Ball
1-1: Ball
2-1: SINGLE (Line Drive, 6MD, EV 95.6 MPH)
Batting: LHB Kevin Wiebe 0-0: Called Strike
0-1: Foul Ball, location: 2F
0-2: Ball
1-2: Strikes out looking
Batting: LHB Nick McGraw 0-0: Called Strike
0-1: Ball
1-1: Ball
2-1: Ball
3-1: Foul Ball, location: 2F
3-2: Reached on error, E4 (Groundball, 4, EV 89.4 MPH)
Steve Haskins to second
Batting: RHB Blake Beale 0-0: Called Strike
0-1: Swinging Strike
0-2: Foul Ball, location: 2F
0-2: Ball
1-2: Ground out 5-3 (Groundball, 56S, EV 81.3 MPH)
Top of the 9th over - 0 runs, 1 hit, 1 error, 2 left on base; Tulsa 4 - Biloxi 14
Thursday, March 31st , 2022 - OOTP Baseball 22.12 Build 89